 Dungeon Crawl Stone Soup version 0.18-a0-971-g0af6217 (webtiles) character file.

310 JokEr the Poker (level 6, -1/52 HPs)
             Began as a Merfolk Fighter on Jan 2, 2016.
             Succumbed to a goblin's poison
             ... on level 3 of the Dungeon.
             The game lasted 00:06:50 (1930 turns).

JokEr the Poker (Merfolk Fighter)                   Turns: 1930, Time: 00:06:50

Health: -1/52      AC: 10    Str: 18    XL:     6   Next: 41%
Magic:  6/6        EV:  7    Int:  8    God:
Gold:   134        SH:  0    Dex: 13    Spells: 0 memorised, 5 levels left

rFire  . . .     SeeInvis .     a - +1 trident
rCold  . . .     Gourm    .     b - +0 scale mail
rNeg   . . .     Faith    .     c - +0 shield
rPois  .         Spirit   .     i - +0 helmet
rElec  .         Dismiss  .     (no cloak)
rCorr  .         Reflect  .     (no gloves)
SustAt .         Harm     .     e - +2 pair of boots
MR     .....                    (no amulet)
Stlth  ..........               (no ring)
                                (no ring)

@: confused, lethally poisoned (-1 -> -25), not resistant to hostile
enchantments, extremely unstealthy
A: change form in water, swift swim
a: no special abilities


You were on level 3 of the Dungeon.
You were not hungry.

You visited 1 branch of the dungeon, and saw 3 of its levels.

You collected 134 gold pieces.

Inventory:

Hand Weapons
 a - a +1 trident (weapon)
Armour
 b - a +0 scale mail (worn)
 c - a +0 shield (worn)
 e - a +2 pair of boots (worn)
 i - a +0 helmet (worn)
Scrolls
 k - 3 scrolls of enchant weapon
 n - 2 scrolls of immolation
 p - a scroll of teleportation
 q - a scroll of fear {unknown}
Potions
 d - a potion of might
 j - 2 potions of flight
 l - 2 potions of degeneration {unknown}
 m - a potion of agility {unknown}
 r - 3 potions of lignification {unknown}
Comestibles
 f - 2 bread rations
 g - 2 chunks of flesh
 h - 2 beef jerkies
 o - a slice of pizza


   Skills:
 + Level 5.9 Fighting
 + Level 6.9 Polearms
 - Level 2.1 Armour
 - Level 3.0 Shields


You had 5 spell levels left.
You didn't know any spells.

Dungeon Overview and Level Annotations

Branches:
Dungeon (3/15)

Altars:
Ru

Annotations:
D:3 Terence


Message History

The goblin barely misses you.
You feel very sick.
The giant newt bites you but does no damage.
The goblin closely misses you.
You closely miss Terence.
* * * LOW HITPOINT WARNING * * *
You feel sick. The giant newt bites you.
* * * LOW HITPOINT WARNING * * *
Terence hits you with a mace of distortion.
* * * LOW HITPOINT WARNING * * *
Space bends around you.
* * * LOW HITPOINT WARNING * * *
The goblin barely misses you.
You hit the giant newt.
The giant newt is heavily wounded.
* * * LOW HITPOINT WARNING * * *
You feel very sick. The giant newt completely misses you.
The goblin closely misses you. Terence hits you but does no damage.
You die...

#.............##
#..............## ##
#...............####.
#...)...........##...
#........$.........##
#...............###..
#..g@.............#..
...$..#.l..........##.#..
......##@.........###....
###......###$#.#### ###..
#......## #.#.## #..
##...#..## #.....## #..
##....#..?####.##..# #.@
<.......#.>..#.# #.# #..
##...........###.# ###
.....###..###...##.#######
... ##..###.%....@.....


You could see Terence, a goblin and a giant newt.

Vanquished Creatures
  A sky beast (D:3)
  The ghost of Pikaro the Skirmisher, an amateur OpFi (D:3)
  4 gnolls (D:2)
  5 adders
  2 worms
  6 giant geckos
  An orc (D:3)
  8 bats
  6 giant cockroaches
  2 goblins (D:1)
  6 hobgoblins
  4 kobolds
  4 rats
50 creatures vanquished.

Notes
Turn   | Place    | Note
--------------------------------------------------------------
     0 | D:1      | JokEr the Merfolk Fighter began the quest for the Orb.
     0 | D:1      | Reached XP level 1. HP: 18/18 MP: 1/1
   245 | D:1      | Reached XP level 2. HP: 24/24 MP: 2/2
   498 | D:1      | Reached skill level 4 in Fighting
   702 | D:2      | Reached XP level 3. HP: 28/30 MP: 3/3
   778 | D:2      | Reached XP level 4. HP: 34/38 MP: 4/4
  1033 | D:2      | Reached skill level 5 in Polearms
  1530 | D:3      | Noticed a sky beast
  1540 | D:2      | Reached skill level 5 in Fighting
  1540 | D:2      | Reached XP level 5. HP: 39/44 MP: 5/5
  1645 | D:3      | Found a sacrificial altar of Ru.
  1764 | D:3      | Noticed Pikaro's ghost (amateur OpFi)
  1784 | D:3      | Killed Pikaro's ghost
  1784 | D:3      | Reached skill level 6 in Polearms
  1818 | D:3      | Killed a sky beast
  1818 | D:3      | Reached XP level 6. HP: 14/52 MP: 6/6
  1864 | D:3      | Noticed Terence
  1929 | D:3      | HP: 1/52 [poisoned by a goblin]
  1930 | D:3      | Succumbed to a goblin's poison

Vault maps used:
D:1:      scummos_arrival_star, minmay_quantized
D:3:      grunt_temple_overflow_open, nicolae_ru_sacrificial_ziggurat,
          uniq_terence

Action                   |  1- 3 |  4- 6 || total
-------------------------+-------+-------++-------
Melee: Trident           |    89 |   130 ||   219
  Use: Scroll            |     3 |     2 ||     5
       Potion            |       |     2 ||     2
  Eat: Chunk             |       |     4 ||     4
